 Dungeon Crawl Stone Soup version 0.25-a0-294-gea9b1ad378 (webtiles) character file.

Game seed: 3077753158424720597, levelgen mode: deterministic

7276 Jindul the Cleaver (level 10, -9/81 HPs)
             Began as a Minotaur Fighter on Dec 17, 2019.
             Was an Elder of Hepliaklqana.
             Mangled by an ice beast (14 damage)
             ... summoned by Fannar
             ... on level 10 of the Dungeon on Dec 18, 2019.
             The game lasted 00:39:24 (9054 turns).

Jindul the Cleaver (Minotaur Fighter)               Turns: 9054, Time: 00:39:25

Health: -9/81      AC: 22    Str: 25    XL:     10   Next: 89%
Magic:  11/11      EV:  7    Int:  5    God:    Hepliaklqana [****..]
Gold:   402        SH: 18    Dex:  9    Spells: 9/9 levels left

rFire    + . .     SeeInvis .   a - +1 war axe
rCold    . . .     Gourm    .   x - +1 large shield
rNeg     . . .     Faith    .   s - +2 chain mail {rF+}
rPois    .         Spirit   .   (helmet restricted)
rElec    .         Reflect  .   m - +0 cloak
rCorr    .         Harm     .   r - +1 pair of gloves
MR       +....                  I - +2 pair of boots
Stlth    ..........             (no amulet)
HPRegen  0.23/turn              E - ring of protection from magic
MPRegen  0.12/turn              l - +2 ring of protection

@: no status effects
A: retaliatory headbutt, reduced essence, horns 2
a: Recall Ancestor, Ancestor Identity, Transference, Idealise, Renounce Religion


You were on level 10 of the Dungeon.
You worshipped Hepliaklqana.
Hepliaklqana was greatly pleased with you.
You were not hungry.

You visited 2 branches of the dungeon, and saw 11 of its levels.

You collected 480 gold pieces.
You spent 78 gold pieces at shops.

Inventory:

Hand Weapons
 a - a +1 war axe (weapon)
 b - a +4 quarterstaff of chaos
 K - a +7 long sword
Armour
 m - a +0 cloak (worn)
 r - a +1 pair of gloves (worn)
 s - a +2 chain mail of fire resistance (worn)
 x - a +1 large shield (worn)
 y - a +2 leather armour of cold resistance
 I - a +2 pair of boots (worn)
Jewellery
 g - a +4 ring of intelligence
 l - a +2 ring of protection (right hand)
 p - an uncursed ring of see invisible
 E - a ring of protection from magic (left hand)
Wands
 j - a wand of random effects (13)
 n - a wand of flame (20)
 G - a wand of disintegration (11)
Scrolls
 e - 3 scrolls of magic mapping
 k - 2 scrolls of identify
 q - 2 scrolls of immolation {unknown}
 t - a scroll of amnesia
 u - 3 scrolls of blinking
 w - 4 scrolls of teleportation
 A - a scroll of enchant weapon
 D - 8 scrolls of remove curse
 F - a scroll of random uselessness {unknown}
 H - 2 scrolls of fear {unknown}
 J - 2 scrolls of fog
Potions
 d - a potion of might
 h - 8 potions of curing
 i - 2 potions of haste
 o - 10 potions of heal wounds
 v - a potion of brilliance
 z - a potion of agility
 B - 2 potions of flight
Comestibles
 f - 21 rations


   Skills:
 + Level 9.3 Fighting
 * Level 12.0 Axes
 - Level 9.0 Armour
 + Level 4.0 Dodging
 + Level 9.4 Shields
 + Level 3.9 Invocations


You had 9 spell levels left.
You didn't know any spells.
Your spell library contained the following spells:

 Spells                   Type           Power        Failure   Level  Hunger
 Corona                   Hex            #......      100%        1    ##.....
 Freeze                   Ice            #...         100%        1    ##.....
 Summon Small Mammal      Summ           #...         100%        1    ##.....
 Ensorcelled Hibernation  Hex/Ice        #.....       100%        2    ###....
 Call Canine Familiar     Summ           #.......     100%        3    ####...
 Confuse                  Hex            #.......     100%        3    ####...
 Dazzling Flash           Conj/Hex       #.....       100%        3    ####...
 Tukima's Dance           Hex            #.......     100%        3    ####...
 Hailstorm                Conj/Ice       #.......     100%        4    #####..
 Ice Form                 Ice/Tmut       #.......     100%        4    #####..
 Freezing Cloud           Conj/Ice/Air   #.........   100%        6    #######


Dungeon Overview and Level Annotations

Branches:
Dungeon (10/15)            Temple (1/1) D:6             Orc (0/2) D:9
   Lair: D:8-11

Altars:
Ashenzari
Cheibriados
Dithmenos
Elyvilon
Fedhas
Gozag
Hepliaklqana
Kikubaaqudgha
Makhleb
Nemelex Xobeh
Okawaru
Qazlal
Ru
Sif Muna
Trog
Uskayaw
Vehumet
Wu Jian
Xom
Yredelemnul
Zin
The Shining One

Shops:
D:5 !   D:6 (

Annotations:
D:10 Fannar


Innate Abilities, Weirdness & Mutations

You reflexively headbutt those who attack you in melee.
You have a pair of horns on your head.
Your life essence is reduced to manifest your ancestor. (-10% HP)


Message History

The ice beast hits you but does no damage.
You block Fannar's attack.
The ice beast hits you but does no damage.
You block the ice beast's attack.
You closely miss Fannar. You headbutt Fannar.
Fannar is moderately wounded.
You hit the ice beast. x2; You block Fannar's attack.
The ice beast hits you but does no damage.
You block the ice beast's attack.
You hit Fannar. Your headbutt misses Fannar.
Fannar is moderately wounded.
You hit the ice beast. You hit the ice beast but do no damage.
Fannar gestures wildly while chanting.
Fannar drains the heat from the surrounding environment!
You feel very cold.
* * * LOW HITPOINT WARNING * * *
Fannar is frozen.
Fannar resists.
The ice beast hits you.
* * * LOW HITPOINT WARNING * * *
The ice beast freezes you!
You die...

..........######
...............#
....(..........#########
........................
......)...............#
..........#####.......#
..........# +.......#
..#######.# #...(...#
..#.....#.# #.@Y....#
..'.....# # #.Ye....#
..#.....# #.........
..#.....# ........## ..#
....+ ######...# ..#
....# ...# ..# ..## ...#
..# ..# ..# ..#


You could see Fannar and 2 ice beasts.

Vanquished Creatures
  A two-headed ogre (D:10)
  Grinder (D:4)
  A hippogriff (D:8)
  A human (D:7)
  5 yaks (D:9)
  4 hogs (D:7)
  4 orc warriors
  An ice beast (D:5)
  A hornet zombie (D:8)
  3 phantoms
  3 ogres
  2 centaurs
  3 bullfrogs
  A water moccasin skeleton (D:8)
  A scorpion (D:8)
  6 killer bees (D:9)
  7 wights
  2 howler monkeys
  A centaur zombie (D:5)
  3 crimson imps
  3 centaur skeletons
  2 jellies (D:5)
  A bullfrog skeleton (D:4)
  2 hounds
  2 orc wizards
  3 orc priests
  3 iguanas
  Crazy Yiuf (D:4)
  6 worker ants
  A hound skeleton (D:8)
  12 gnolls
  A howler monkey skeleton (D:4)
  7 adders
  2 shadow imps
  2 oozes (D:2)
  5 worms
  2 dart slugs (D:1)
  9 leopard geckos
  19 orcs
  A ball python (D:2)
  3 giant cockroaches
  11 goblins
  11 hobgoblins
  9 jackals
  3 quokkas
  4 bats
  5 frilled lizards
  A jackal zombie (D:5)
  10 kobolds
  A leopard gecko zombie (D:6)
  A quokka skeleton (D:5)
  6 rats
200 creatures vanquished.

Vanquished Creatures (collateral kills)
  A two-headed ogre (D:9)
  A hippogriff (D:8)
  A yak (D:9)
  Edmund (D:4)
  A black bear (D:7)
  An eye of draining (D:9)
  Blork the orc (D:4)
  A bullfrog (D:7)
  2 wights (D:8)
  A hound (D:9)
  2 centaur skeletons
  An orc wizard (D:6)
  A worker ant zombie (D:9)
  An adder (D:8)
  5 orcs
  A kobold (D:3)
22 creatures vanquished.

Vanquished Creatures (others)
  4 hexers
4 creatures vanquished.

Grand Total: 226 creatures vanquished

Notes
Turn   | Place    | Note
-------+----------+-------------------------------------------
     0 | D:1      | Jindul the Minotaur Fighter began the quest for the Orb.
     0 | D:1      | Reached XP level 1. HP: 19/19 MP: 0/0
   235 | D:1      | Reached XP level 2. HP: 23/27 MP: 1/1
   353 | D:1      | Reached skill level 3 in Axes
   405 | D:1      | Reached XP level 3. HP: 23/33 MP: 2/2
  1220 | D:2      | Reached XP level 4. HP: 40/40 MP: 3/3
  1505 | D:2      | Found a bloodstained altar of Trog.
  1557 | D:2      | Reached skill level 4 in Axes
  1807 | D:3      | Reached XP level 5. HP: 12/47 MP: 4/4
  1822 | D:2      | Found a hazy altar of Hepliaklqana.
  2092 | D:2      | Became a worshipper of Hepliaklqana the Forgotten
  2556 | D:4      | Reached * piety under Hepliaklqana
  2612 | D:4      | Noticed Grinder
  2613 | D:4      | Paralysed by Grinder for 3 turns
  2623 | D:4      | Paralysed by Grinder for 2 turns
  2625 | D:4      | Killed Grinder
  2625 | D:4      | Reached skill level 5 in Fighting
  2625 | D:4      | Reached skill level 5 in Axes
  2625 | D:4      | Reached skill level 5 in Armour
  2625 | D:4      | Reached skill level 5 in Shields
  2625 | D:4      | Reached XP level 6. HP: 37/50 MP: 5/5
  2641 | D:4      | Noticed Edmund
  2662 | D:4      | Killed Edmund
  2662 | D:4      | Reached skill level 6 in Axes
  2986 | D:4      | Found a runed translucent door.
  2987 | D:4      | Noticed Crazy Yiuf
  2994 | D:4      | Killed Crazy Yiuf
  2994 | D:4      | Reached XP level 7. HP: 48/54 MP: 6/6
  3108 | D:4      | Found a bloodstained altar of Trog.
  3172 | D:4      | Noticed Blork the orc
  3180 | D:4      | Killed Blork the orc
  3241 | D:5      | Entered Level 5 of the Dungeon
  3321 | D:5      | Found a radiant altar of Vehumet.
  3364 | D:5      | Found Finlutzina's Distillery.
  3373 | D:5      | Bought a potion of heal wounds for 65 gold pieces
  3373 | D:5      | Bought a potion of degeneration for 13 gold pieces
  3390 | D:5      | Reached skill level 7 in Axes
  3431 | D:5      | Reached XP level 8. HP: 52/63 MP: 7/7
  3725 | D:6      | Reached ** piety under Hepliaklqana
  3726 | D:6      | Remembered your ancestor Rudla as a hexer
  3823 | D:6      | Found Facoum's Antique Weapon Shop.
  4044 | D:6      | Reached skill level 8 in Axes
  4394 | D:6      | Found a staircase to the Ecumenical Temple.
  4405 | Temple   | Entered the Ecumenical Temple
  5438 | D:7      | Reached skill level 9 in Axes
  5679 | D:7      | Reached XP level 9. HP: 35/71 MP: 8/8
  6084 | D:8      | Reached *** piety under Hepliaklqana
  6163 | D:8      | Reached skill level 10 in Axes
  6346 | D:8      | Reached skill level 1 in Invocations
  6513 | D:8      | Reached skill level 1 in Dodging
  6757 | D:8      | Found a shimmering blue altar of Sif Muna.
  7375 | D:9      | Reached XP level 10. HP: 68/80 MP: 10/10
  7383 | D:9      | Reached skill level 11 in Axes
  7807 | D:9      | Found a staircase to the Orcish Mines.
  8206 | D:9      | Noticed a two-headed ogre
  8215 | D:9      | Killed a two-headed ogre
  8394 | D:9      | Reached **** piety under Hepliaklqana
  8513 | D:9      | Identified the Catalogue of the Icy Entourage
  8701 | D:10     | Entered Level 10 of the Dungeon
  8774 | D:10     | Noticed a two-headed ogre
  8782 | D:10     | Killed a two-headed ogre
  8782 | D:10     | Reached skill level 12 in Axes
  9034 | D:10     | Noticed Fannar
  9054 | D:10     | Mangled by an ice beast

Levels and vault maps discovered:
D:1:      psy_arrival_spokes, layout_basic
D:2:      lemuel_upstairs_altar, layout_loops_ring, bloody_trog
D:3:      layout_loops_ring, first_ration, minivault_14
D:4:      layout_cave_pools, corexii_leaking_fountain, trog_butcher_becter,
          uniq_grinder, uniq_crazy_yiuf_cottage, uniq_blork_the_orc, uniq_edmund
D:5:      layout_cave_pools, serial_shops, shop, vehumet_altar_wand_db
D:6:      layout_loops_ring, minmay_temple_entry_overgrown, serial_shops,
          nicolae_shop_crystal
D:7:      layout_rooms, grunt_livestock, moated_statue
D:8:      layout_layer_cave, old_standard_altar, minmay_misc_feat_pillars,
          minmay_checkerbox
D:9:      layout_small_grid, david_orc_1_choice, minmay_misc_feat_more_columns,
          minmay_misc_feat_cross
D:10:     layout_irregular_city, lemuel_flame_loot_1, uniq_fannar
Temple:   compressed_dpeg_triangle_lava_temple

Skill      XL: |  1  2  3  4  5  6  7  8  9 10 |
---------------+-------------------------------+-----
Axes           | 3 4 5 6 7 9 10 12 | 12.0
Fighting       | 4 5 6 7 8 9 |  9.3
Shields        | 4 5 6 7 8 9 |  9.4
Armour         | 4 5 6 7 8 9 |  9.0
Invocations    | 2 3 |  3.9
Dodging        | 1 4 |  4.0

Action                   |  1- 3 |  4- 6 |  7- 9 | 10-12 || total
-------------------------+-------+-------+-------+-------++-------
Melee: War axe           |    93 |   149 |   262 |   130 ||   634
       Headbutt          |    14 |    22 |    55 |    43 ||   134
       Long sword        |       |       |       |    21 ||    21
Invok: Ancestor Identity |       |     1 |       |       ||     1
       Ancestor Life: He |       |       |     1 |       ||     1
  Use: Scroll            |       |     4 |     8 |     5 ||    17
       Potion            |       |       |       |     1 ||     1
 Stab: Distracted        |       |     2 |     1 |     1 ||     4
       Confused          |       |       |     3 |       ||     3
  Eat: Chunk             |     1 |     6 |    13 |     7 ||    27
Armor: Scale mail        |    41 |    59 |       |       ||   100
       Chain mail        |       |     2 |    59 |    53 ||   114
       Leather armour    |       |       |    32 |       ||    32
Dodge: Dodged            |    21 |    31 |    48 |    22 ||   122
Block: Shield            |    50 |    69 |    39 |       ||   158
       Large shield      |       |       |   147 |   147 ||   294

Table legend:
 A = Non-vault XP
 B = Vault XP
 C = Vault XP percentage of total XP
 D = Non-vault monster count
 E = Vault monster count
 F = Vault count percentage of total count
                 A         B        C        D         E       F
            +---------+---------+-------+---------+---------+-------
      Total |    8214 |    2181 |  21.0 |     195 |      27 |  12.2
            +---------+---------+-------+---------+---------+-------
        D:1 |      51 |       0 |   0.0 |      21 |       0 |   0.0
        D:2 |      86 |       0 |   0.0 |      31 |       0 |   0.0
        D:3 |      76 |       0 |   0.0 |      20 |       0 |   0.0
        D:4 |     105 |     595 |  85.0 |       6 |       8 |  57.1
        D:5 |     699 |       2 |   0.3 |      25 |       1 |   3.8
        D:6 |     422 |       0 |   0.0 |      21 |       0 |   0.0
        D:7 |     619 |     979 |  61.3 |      12 |       5 |  29.4
        D:8 |    1320 |     105 |   7.4 |      21 |       4 |  16.0
        D:9 |    3540 |     500 |  12.4 |      28 |       9 |  24.3
       D:10 |    1296 |       0 |   0.0 |      10 |       0 |   0.0
            +---------+---------+-------+---------+---------+-------
